 Dungeon Crawl Stone Soup version 0.29.0-4-gdea44cf6ec (webtiles) character file.

Game seed: 8258394693059069970

2512 qw the Blocker (level 9, -9/66 HPs)
             Began as a Formicid Cinder Acolyte on Sept 3, 2022.
             Was a Believer of Ignis.
             Mangled by a yak (11 damage)
             ... on level 5 of the Dungeon.
             The game lasted 00:02:52 (6494 turns).

qw the Blocker (Formicid Cinder Acolyte)            Turns: 6494, Time: 00:02:52

Health: -9/66      AC: 17    Str: 27    XL:     9   Next: 83%
Magic:  10/10      EV:  8    Int: 13    God:    Ignis [**....]
Gold:   303        SH: 15    Dex: 12    Spells: 10/10 levels left

rFire   + + .      SeeInvis +   Y - +0 battleaxe
rCold   . . .      Faith    .   q - +0 tower shield
rNeg    . . .      Spirit   .   e - +0 scale mail
rPois   .          Reflect  .   (helmet unavailable)
rElec   .          Harm     .   g - +0 cloak
rCorr   .          Rampage  .   o - +0 pair of gloves
Will    .....                   m - +0 pair of boots
Stlth   ..........              (no amulet)
HPRegen 0.21/turn               a - ring of protection from fire
MPRegen 0.12/turn               l - +6 ring of dexterity

@: fiery-armoured
A: permanent stasis, dig shafts and tunnels, antennae 3, four strong arms,
clumsy 1, strong 1, MP-powered wands
a: Dig, Shaft Self, Renounce Religion, Fiery Armour, Foxfire Swarm, Rising Flame


You were on level 5 of the Dungeon.
You worshipped Ignis.
Ignis was pleased with you.
You visited 1 branch of the dungeon, and saw 6 of its levels.

You collected 303 gold pieces.


Innate Abilities, Weirdness & Mutations

You cannot be hasted, slowed, berserked, paralysed or teleported.
You can dig through walls and to a lower floor.
You have a pair of large antennae on your head. (SInv)
Your four strong arms can wield two-handed weapons with a shield.
You are clumsy. (Dex -2)
Your muscles are strong. (Str +4, Int/Dex -1)
You expend magic power (3 MP) to strengthen your wands.


   Skills:
 - Level 4.3 Fighting
 - Level 8.4 Axes
 - Level 2.9 Throwing
 - Level 3.3 Armour
 - Level 2.3 Dodging
 + Level 10.0 Shields
 - Level 1.1 Spellcasting
 - Level 3.0 Fire Magic


You had 10 spell levels left.
You didn't know any spells.
Your spell library contained the following spells:

 Spells                   Type           Power      Damage    Failure   Level
 Scorch                   Fire           16%        2d5       73%         2

Inventory:

Hand Weapons
 d - a -1 hand axe of flaming
 Y - a +0 battleaxe (weapon)
Missiles
 c - 2 silver boomerangs
 u - 6 javelins (quivered)
Armour
 e - a +0 scale mail (worn)
 g - a +0 cloak (worn)
 m - a +0 pair of boots (worn)
 o - a +0 pair of gloves (worn)
 q - a +0 tower shield (worn)
Jewellery
 a - a ring of protection from fire (left hand)
 l - a +6 ring of dexterity (right hand)
 s - a ring of willpower
Scrolls
 b - a scroll of identify
Potions
 f - 3 potions of might
 h - a potion of haste
 i - 2 potions of mutation
 j - 5 potions of curing
 k - a potion of degeneration {unknown}
 n - a potion of magic {unknown}
 r - a potion of cancellation

Dungeon Overview and Level Annotations

Branches:
Dungeon (6/15)             Temple (0/1) D:4

Altars:


Message History

The yak is heavily wounded.
You hit the yak. You slash the yak! You barely miss the yak.
The yak gores you but does no damage.
The yak is burned by your cloak of flames.
The yak is heavily wounded.
The yak completely misses you. The yak gores you.
The yak is burned by your cloak of flames.
The yak is lightly wounded.
The yak gores you.
The yak is burned by your cloak of flames.
The yak is heavily wounded.
You block the yak's attack. x3; The yak gores you.
The yak is burned by your cloak of flames.
The yak is heavily wounded.
You completely miss the yak.
The yak is heavily wounded.
You closely miss the yak. You hit the yak. You slash the yak!
The yak closely misses you. You block the yak's attack. The yak gores you.
The yak is burned by your cloak of flames.
The yak is severely wounded.
You block the yak's attack.
You slice the yak!!
You kill the yak!
You slash the yak! You closely miss the yak. You slash the yak!
The yak misses you. You block the yak's attack.
Your Throwing skill increases to level 2!
You hit the yak but do no damage.
The yak is almost dead.
You closely miss the yak. You barely miss the yak.
The yak gores you but does no damage.
The yak is burned by your cloak of flames.
The yak is heavily wounded.
You block the yak's attack. x2; The yak gores you!
The yak is burned by your cloak of flames.
The yak is severely wounded.
You block the yak's attack. The yak gores you.
The yak is burned by your cloak of flames.
The yak is severely wounded.
The yak gores you!
You die...

#.[.%.#......##
#.......#.....# ###########
#..[...###)##.# #.........#
##....## #.##.# #.........#
#.#..## #.##..
#.......?.####.##..###.#...
#..............##..........
#......[.Y#####.....##.....
#..>.....Y@# ##.....##....#
#.....=..YY###......#..#..#
#...........#.......#..#..#
###########...#.......##..#
##..#.......##...
##..#........##.#
#....#.##.#......
##.##.#.#........#
##..##.#.#.##.##...


You could see 4 yaks.

Vanquished Creatures
  Sigmund (D:5)
  6 yaks
  Edmund (D:6)
  Pargi (D:4)
  An ice beast (D:6)
  2 black bears
  An ogre (D:4)
  A phantom (D:5)
  A bullfrog (D:6)
  A gnoll sergeant (D:6)
  3 scorpions
  2 howler monkeys
  2 hounds (D:5)
  A jelly (D:6)
  A gnoll bouda (D:5)
  An iguana (D:6)
  2 orc wizards
  10 gnolls
  5 adders
  A shadow imp (D:6)
  A white imp (D:5)
  4 ufetubi
  4 worms
  2 dart slugs
  11 orcs
  8 ball pythons
  7 endoplasms
  2 giant cockroaches
  11 goblins
  5 hobgoblins
  2 jackals (D:5)
  4 quokkas
  4 bats
  A frilled lizard (D:2)
  3 kobolds
  4 rats
117 creatures vanquished.

Notes
Turn   | Place    | Note
-------+----------+-------------------------------------------
     0 | D:1      | qw the Formicid Cinder Acolyte began the quest for the Orb.
     0 | D:1      | Reached XP level 1. HP: 18/18 MP: 2/2
     0 | D:1      | 0 ||| qw: Version: 0.1-a-102-g441f92d
     0 | D:1      | 0 ||| qw: Game counter: 5168
     0 | D:1      | 0 ||| qw: Always use a shield: true
     0 | D:1      | 0 ||| qw: God list: Okawaru
     0 | D:1      | 0 ||| qw: Allow faded altars: false
     0 | D:1      | 0 ||| qw: Do Orc after D:15 true
     0 | D:1      | 0 ||| qw: Do second Lair branch before Depths: true
     0 | D:1      | 0 ||| qw: Lair rune preference: random
     0 | D:1      | 0 ||| qw: Plans: Normal
     0 | D:1      | 0 ||| PLANNING D:1-11
   449 | D:1      | Reached XP level 2. HP: 24/24 MP: 3/3
   728 | D:1      | Found a faded altar of an unknown god.
   845 | D:1      | 845 ||| UPGRADING to +0 scale mail.
   855 | D:1      | 855 ||| DROPPING +0 robe.
   856 | D:1      | 856 ||| UPGRADING to +0 cloak.
   861 | D:1      | 861 ||| READING scroll labelled WUMUEVOMEEST.
   862 | D:1      | 862 ||| READING scroll labelled PEPPAE VOIXAOMPALL.
   863 | D:1      | 863 ||| DRINKING 3 puce potions.
   916 | D:1      | 916 ||| DROPPING 2 potions of lignification.
  1016 | D:2      | 1016 ||| Stepping ~*~*~tactically~*~*~ (stealth).
  1035 | D:2      | 1035 ||| INVOKING Fiery Armour.
  1038 | D:2      | Reached skill level 1 in Armour
  1040 | D:2      | Reached XP level 3. HP: 14/29 MP: 4/4
  1660 | D:2      | Reached XP level 4. HP: 23/35 MP: 5/5
  1945 | D:2      | 1945 ||| READING scroll labelled UQUXEK RUKAED.
  1946 | D:2      | 1946 ||| READING 2 scrolls labelled ZADONY OTAKUU.
  1947 | D:2      | 1947 ||| READING 2 scrolls labelled IRGHUS EVONOUPH.
  1948 | D:2      | 1948 ||| DRINKING 2 cyan potions.
  1949 | D:2      | 1949 ||| DRINKING 2 bubbling inky potions.
  1949 | D:2      | Gained mutation: Your muscles are strong. (Str +4, Int/Dex
                  | -1) [potion of mutation]
  1949 | D:2      | Gained mutation: You are clumsy. (Dex -2) [potion of
                  | mutation]
  1949 | D:2      | Gained mutation: You expend magic power (3 MP) to
                  | strengthen your wands. [potion of mutation]
  1950 | D:2      | 1950 ||| DRINKING 3 fizzy dark potions.
  1951 | D:2      | 1951 ||| DROPPING scroll of fear.
  1952 | D:2      | 1952 ||| DROPPING potion of attraction.
  2013 | D:3      | 2013 ||| SWAPPING to +0 war axe.
  2925 | D:3      | 2925 ||| UPGRADING to +0 pair of boots.
  2930 | D:3      | 2930 ||| UPGRADING to +0 pair of gloves.
  2935 | D:3      | 2935 ||| READING scroll labelled ZUDETEOXUA.
  2936 | D:3      | 2936 ||| READING scroll labelled PYFITE BOTHRI.
  2937 | D:3      | 2937 ||| DRINKING 2 lumpy inky potions.
  2938 | D:3      | 2938 ||| READING 2 scrolls of identify.
  2938 | D:3      | 2938 ||| IDENTIFYING glowing clear potion
  2992 | D:4      | Found a staircase to the Ecumenical Temple.
  3079 | D:4      | Noticed a scorpion
  3085 | D:4      | Killed a scorpion
  3086 | D:4      | Reached XP level 5. HP: 34/41 MP: 6/6
  3172 | D:4      | Noticed an ogre
  3180 | D:4      | 3180 ||| INVOKING Fiery Armour.
  3180 | D:4      | HP: 4/41 [ogre/+0 giant spiked club (14)]
  3181 | D:4      | 3181 ||| DRINKING potion of heal wounds.
  3182 | D:4      | Killed an ogre
  3183 | D:4      | Reached skill level 3 in Armour
  3183 | D:4      | Reached XP level 6. HP: 29/47 MP: 7/7
  3337 | D:4      | 3337 ||| Stepping ~*~*~tactically~*~*~ (hiding).
  3476 | D:4      | 3476 ||| SWAPPING to +0 battleaxe.
  3477 | D:4      | 3477 ||| DROPPING +1 war axe.
  3590 | D:4      | 3590 ||| Stepping ~*~*~tactically~*~*~ (hiding).
  3628 | D:4      | Noticed Pargi
  3638 | D:4      | Reached skill level 6 in Axes
  3640 | D:4      | 3640 ||| INVOKING Fiery Armour.
  3642 | D:4      | Killed Pargi
  3643 | D:4      | Reached XP level 7. HP: 21/55 MP: 8/8
  4272 | D:4      | 4272 ||| UPGRADING to ring of protection from fire.
  4273 | D:4      | 4273 ||| READING scroll labelled YKOPIOSYIJ.
  4414 | D:4      | 4414 ||| READING scroll labelled JEJAH NYMM.
  4531 | D:5      | Entered Level 5 of the Dungeon
  4533 | D:5      | 4533 ||| INVOKING Fiery Armour.
  4542 | D:5      | HP: 6/55 [gnoll/+0 spear[a gnoll bouda] (8)]
  4543 | D:5      | 4543 ||| DRINKING 2 potions of heal wounds.
  4562 | D:5      | 4562 ||| FLEEEEING.
  4564 | D:5      | 4564 ||| STAIRDANCE
  4656 | D:5      | Noticed Sigmund
  4657 | D:5      | 4657 ||| Stepping ~*~*~tactically~*~*~ (hiding).
  4663 | D:5      | 4663 ||| INVOKING Fiery Armour.
  4669 | D:5      | Reached XP level 8. HP: 52/61 MP: 9/9
  4672 | D:5      | Killed Sigmund
  5021 | D:5      | 5021 ||| UPGRADING to +0 tower shield.
  5026 | D:5      | 5026 ||| DROPPING ring of flight.
  5027 | D:5      | 5027 ||| UPGRADING to +6 ring of dexterity.
  5028 | D:5      | 5028 ||| DRINKING 2 yellow potions.
  5039 | D:6      | 5039 ||| Stepping ~*~*~tactically~*~*~ (stealth).
  5084 | D:6      | Reached skill level 2 in Shields
  5099 | D:6      | Reached skill level 3 in Shields
  5143 | D:6      | 5143 ||| Stepping ~*~*~tactically~*~*~ (stealth).
  5146 | D:6      | 5146 ||| DRINKING 6 potions of curing.
  5146 | D:6      | 5146 ||| (to cure confusion)
  5149 | D:6      | 5149 ||| Stepping ~*~*~tactically~*~*~ (hiding).
  5156 | D:6      | Reached skill level 4 in Shields
  5302 | D:6      | 5302 ||| INVOKING Fiery Armour.
  5314 | D:6      | Reached skill level 5 in Shields
  5470 | D:6      | 5470 ||| Stepping ~*~*~tactically~*~*~ (hiding).
  5609 | D:6      | Reached skill level 6 in Shields
  5691 | D:6      | Reached skill level 1 in Throwing
  5691 | D:6      | Reached XP level 9. HP: 65/66 MP: 10/10
  5716 | D:6      | 5716 ||| Stepping ~*~*~tactically~*~*~ (stealth).
  5724 | D:6      | Reached skill level 7 in Shields
  5734 | D:6      | 5734 ||| INVOKING Fiery Armour.
  5740 | D:6      | Reached skill level 8 in Shields
  5740 | D:6      | HP: 12/66 [yak (10)]
  5741 | D:6      | 5741 ||| DRINKING potion of heal wounds.
  5749 | D:6      | Reached skill level 9 in Shields
  6202 | D:6      | Noticed Edmund
  6221 | D:6      | 6221 ||| INVOKING Fiery Armour.
  6222 | D:6      | Killed Edmund
  6419 | D:6      | 6419 ||| READING scroll labelled GOPROU CEORCH.
  6420 | D:6      | 6420 ||| READING 2 scrolls of identify.
  6420 | D:6      | 6420 ||| IDENTIFYING fizzy silvery potion
  6438 | D:6      | 6438 ||| STAIRDANCE
  6453 | D:5      | Reached skill level 10 in Shields
  6485 | D:6      | 6485 ||| STAIRDANCE
  6489 | D:5      | 6489 ||| INVOKING Fiery Armour.
  6494 | D:5      | HP: 7/66 [yak (11)]
  6494 | D:5      | HP: 2/66 [yak (5)]
  6494 | D:5      | Mangled by a yak

Levels and vault maps discovered:
D:1:      matt_arrival_los_fun, layout_basic,
          shapermc_ecumenical_altar_mp_vishouse
D:2:      layout_basic, kennysheep_generic_room_10
D:3:      layout_loops_corners
D:4:      layout_gridville, minmay_temple_entry_sparse_star, uniq_pargi
D:5:      layout_rooms, uniq_sigmund
D:6:      layout_basic, serial_shops, shop, uniq_edmund

Skill      XL: |  1  2  3  4  5  6  7  8  9 |
---------------+----------------------------+-----
Armour         | 1 3 |  3.3
Axes           | 4 5 6 7 8 |  8.4
Fighting       | 4 |  4.3
Shields        | 6 10 | 10.0
Throwing       | 1 2 |  2.9
Dodging        | 2 |  2.3
Spellcasting   | |  1.1
Fire Magic     | |  3.0

Action                   |  1- 3 |  4- 6 |  7- 9 || total
-------------------------+-------+-------+-------++-------
Melee: Hand axe          |    92 |    13 |       ||   105
       Punch             |     1 |       |       ||     1
       War axe           |       |    49 |       ||    49
       Battleaxe         |       |    26 |   194 ||   220
Throw: Javelin           |       |       |     5 ||     5
       Boomerang         |       |       |     1 ||     1
Invok: Fiery Armour      |     1 |     2 |     6 ||     9
  Use: Scroll            |     2 |     6 |     4 ||    12
       Potion            |     1 |     5 |     4 ||    10
Armor: Robe              |    12 |       |       ||    12
       Scale mail        |    25 |    59 |   153 ||   237
Dodge: Dodged            |    34 |    53 |    96 ||   183
Block: Tower shield      |       |       |   117 ||   117

Table legend:
 A = Non-vault XP
 B = Vault XP
 C = Vault XP percentage of total XP
 D = Non-vault monster count
 E = Vault monster count
 F = Vault count percentage of total count
                 A         B        C        D         E       F
            +---------+---------+-------+---------+---------+-------
      Total |    3064 |     525 |  14.6 |     113 |       4 |   3.4
            +---------+---------+-------+---------+---------+-------
        D:1 |      17 |       0 |   0.0 |      11 |       0 |   0.0
        D:2 |      66 |       1 |   1.5 |      19 |       1 |   5.0
        D:3 |      19 |       0 |   0.0 |      11 |       0 |   0.0
        D:4 |     447 |     141 |  24.0 |      21 |       1 |   4.5
        D:5 |     721 |     214 |  22.9 |      22 |       1 |   4.3
        D:6 |    1794 |     169 |   8.6 |      29 |       1 |   3.3
            +---------+---------+-------+---------+---------+-------
